 Dungeon Crawl Stone Soup version 0.24-a0-67-ga78bd38 (webtiles) character file.

Game seed: 4454922013786609505

51 Lanoc the Ducker (level 3, -9/28 HPs)
             Began as a Demonspawn Gladiator on Feb 5, 2019.
             Mangled by a gnoll
             ... wielding a +0 halberd
              (10 damage)
             ... on level 1 of the Dungeon.
             The game lasted 00:02:13 (1810 turns).

Lanoc the Ducker (Demonspawn Gladiator)             Turns: 1810, Time: 00:02:14

Health: -9/28      AC:  5    Str: 15    XL:     3   Next: 57%
Magic:  3/3        EV: 13    Int:  9    God:
Gold:   32         SH:  0    Dex: 14    Spells: 2/2 levels left

rFire    . . .     SeeInvis .   a - +0 war axe
rCold    . . .     Gourm    .   (no shield)
rNeg     . . .     Faith    .   b - +0 leather armour
rPois    .         Spirit   .   c - +0 helmet
rElec    .         Reflect  .   (no cloak)
rCorr    .         Harm     .   (no gloves)
MR       .....                  (no boots)
Stlth    +.........             (no amulet)
HPRegen  0.09/turn              (no ring)
MPRegen  0.08/turn              (no ring)

@: no status effects
A: rugged brown scales 1
a: no special abilities


You were on level 1 of the Dungeon.
You were not hungry.

You visited 1 branch of the dungeon, and saw 2 of its levels.

You collected 32 gold pieces.

Inventory:

Hand Weapons
 a - a +0 war axe (weapon)
Missiles
 d - 3 throwing nets (quivered)
Armour
 b - a +0 leather armour (worn)
 c - a +0 helmet (worn)
Scrolls
 g - a scroll of noise {unknown}
 i - 2 scrolls of identify {unknown}
 j - a scroll of magic mapping {unknown}
 n - a scroll of remove curse {unknown}
Potions
 e - a potion of curing {unknown}
 h - a potion of mutation {unknown}
 k - a potion of magic {unknown}
 l - a potion of ambrosia {unknown}
Comestibles
 f - 4 rations
 m - 2 chunks of flesh


   Skills:
 + Level 2.6 Fighting
 * Level 3.1 Axes
 - Level 1.7 Throwing
 + Level 1.3 Armour
 + Level 3.1 Dodging


You had 2 spell levels left.
You didn't know any spells.
Your spell library was empty.

Dungeon Overview and Level Annotations

Branches:
Dungeon (2/15)

Altars:


Innate Abilities, Weirdness & Mutations

You are partially covered in rugged brown scales. (AC +1, +3% HP)


Message History

The gnoll misses you.
You climb upwards.
There is a stone staircase leading down here.
You climb downwards.
The gnoll closely misses you.
There is a stone staircase leading up here.
The gnoll hits you with a +0 halberd!
You climb upwards.
There is a stone staircase leading down here.
You slash the gnoll!
The gnoll is severely wounded.
The gnoll hits you with a +0 halberd.
You closely miss the gnoll.
The gnoll is severely wounded.
The gnoll misses you. The gnoll hits you with a +0 halberd!
Ouch! That really hurt!
* * * LOW HITPOINT WARNING * * *
You closely miss the gnoll.
The gnoll is severely wounded.
The gnoll hits you with a +0 halberd!
You die...

#.........##.#
#####.######+# #.#
####.# ##.##.#
##.....## ###
#.......+ ..+..
##..÷#### ..###
#.g@# ..# #.### ##..
#.# #..# #.# #+#
#... #.# #.# #...
#.# #.####..8
#.##########.##.....
#.#...........#.#..8
#.#.######..†...#...


You could see a gnoll.

Vanquished Creatures
  A gnoll (D:1)
  An adder (D:2)
  An ooze (D:1)
  2 leopard geckos
  2 bats
  4 giant cockroaches
  8 hobgoblins
  A ball python (D:1)
  A frilled lizard (D:1)
  2 rats
23 creatures vanquished.

Notes
Turn   | Place    | Note
-------+----------+-------------------------------------------
     0 | D:1      | Lanoc the Demonspawn Gladiator began the quest for the Orb.
     0 | D:1      | Reached XP level 1. HP: 16/16 MP: 1/1
   215 | D:1      | Gained mutation: You are partially covered in rugged brown
                  | scales. (AC +1, +3% HP) [demonic ancestry]
   215 | D:1      | Reached XP level 2. HP: 12/22 MP: 2/2
   727 | D:1      | Reached skill level 1 in Armour
   787 | D:1      | You fall through a shaft!
  1057 | D:2      | Reached XP level 3. HP: 16/28 MP: 3/3
  1809 | D:1      | HP: 1/28 [gnoll/+0 halberd (15)]
  1810 | D:1      | Mangled by a gnoll

Vault maps used:
D:1:      mrwooster_arrival_statue, st_stairs_14
D:2:      first_ration, minmay_misc_feat_roman

Skill      XL: |  1  2  3 |
---------------+----------+-----
Armour         | 1 |  1.3
Dodging        | 3 |  3.1
Axes           | 3 |  3.1
Fighting       | |  2.6
Throwing       | |  1.7

Action                   || total
-------------------------++-------
Melee: War axe           ||    67
 Stab: Sleeping          ||     1
  Eat: Chunk             ||     3
Armor: Leather armour    ||    16
Dodge: Dodged            ||    40

Table legend:
 A = Non-vault XP
 B = Vault XP
 C = Vault XP percentage of total XP
 D = Non-vault monster count
 E = Vault monster count
 F = Vault count percentage of total count
                 A         B        C        D         E       F
            +---------+---------+-------+---------+---------+-------
      Total |      73 |       0 |   0.0 |      23 |       0 |   0.0
            +---------+---------+-------+---------+---------+-------
        D:1 |      42 |       0 |   0.0 |      13 |       0 |   0.0
        D:2 |      31 |       0 |   0.0 |      10 |       0 |   0.0
            +---------+---------+-------+---------+---------+-------
